 Dungeon Crawl Stone Soup version 0.19.5 (webtiles) character file.

62 djnw the Caller (level 3, -4/24 HPs)
             Began as a Mummy Summoner on Mar 25, 2017.
             Slain by Crazy Yiuf
             ... wielding a +4 quarterstaff of chaos
              (9 damage)
             ... on level 2 of the Dungeon.
             The game lasted 00:06:10 (2541 turns).

djnw the Caller (Mummy Summoner)                    Turns: 2541, Time: 00:06:11

Health: -4/24      AC:  2    Str: 11    XL:     3   Next: 85%
Magic:  1/7        EV: 12    Int: 15    God:
Gold:   63         SH:  0    Dex: 12    Spells: 3 memorised, 1 level left

rFire  x . .     SeeInvis +     d - +1 hand axe
rCold  + . .     Gourm    .     a - +0 robe
rNeg   + + +     Faith    .     (no shield)
rPois  ∞         Spirit   .     (no helmet)
rElec  .         Reflect  .     (no cloak)
rCorr  .         Harm     .     (no gloves)
MR     .....                    (no boots)
Stlth  ++........               (no amulet)
                                (no ring)
                                e - ring of see invisible

@: no status effects
A: no food or potions, fire vulnerability, cold resistance 1, negative energy
resistance 3, torment resistance, unbreathing
a: no special abilities


You were on level 2 of the Dungeon.
You were not hungry.

You visited 1 branch of the dungeon, and saw 2 of its levels.

You collected 63 gold pieces.

Inventory:

Hand Weapons
 d - a +1 hand axe (weapon)
Armour
 a - a +0 robe (worn)
Jewellery
 e - a ring of see invisible (left hand)
Wands
 g - a wand of lightning (5/15)
Scrolls
 f - a scroll of identify
Books
 b - a book of Callings

   Spells                             Type                      Level
   a - Summon Small Mammal            Summoning                    1
   b - Call Imp                       Summoning                    2
   c - Call Canine Familiar           Summoning                    3
   d - Summon Guardian Golem          Hexes/Summoning              3
   e - Summon Lightning Spire         Summoning/Air                4
   f - Summon Ice Beast               Ice/Summoning                4


   Skills:
 - Level 1.5 Dodging
 - Level 1.5 Stealth
 + Level 2.7 Spellcasting
 * Level 4.2 Summonings


You had one spell level left.
You knew the following spells:

 Your Spells              Type           Power        Failure   Level  Hunger
a - Summon Small Mammal   Summ           ##..         4%          1    N/A
b - Call Imp              Summ           ##......     8%          2    N/A
c - Call Canine Familiar  Summ           ##......     14%         3    N/A

Dungeon Overview and Level Annotations

Branches:
Dungeon (2/15)

Altars:

Annotations:
D:2 Crazy Yiuf


Innate Abilities, Weirdness & Mutations

You do not eat or drink.
Your flesh is vulnerable to fire.
You are immune to poison.
Your flesh is cold resistant. (rC+)
You are immune to negative energy. (rN+++)
You are immune to unholy pain and torment.
You can survive without breathing.


Message History

Crazy Yiuf hits you with a quarterstaff of chaos!
Crazy Yiuf hits you with a quarterstaff of chaos!
* * * LOW HITPOINT WARNING * * *
Casting: Call Canine Familiar
Confirm with . or Enter, or press ? or * to list all spells.
A beastly little devil appears in a puff of frigid air.
Crazy Yiuf hits your white imp with a quarterstaff of chaos.
Crazy Yiuf hits your white imp with a quarterstaff of chaos.
Your white imp misses Crazy Yiuf.
Crazy Yiuf hits your white imp but does no damage.
Your white imp hits Crazy Yiuf.
Your white imp freezes Crazy Yiuf.
Crazy Yiuf hits your white imp with a quarterstaff of chaos!
Your white imp dies!
As you read the scroll labeled NORIGOMNOLU, it crumbles to dust.
It is a scroll of enchant weapon.
Your +0 hand axe glows red for a moment.
You hit Crazy Yiuf.
Crazy Yiuf is severely wounded.
Crazy Yiuf hits you with a quarterstaff of chaos!
You die...

#########..........##......
#..........##.###..
##################.......##.#
#..
.........................##
#..
.################........#
#..
.........#...†...........#
########.#.######.###....#
#.#.#########....##
#####.#.....g@# #....#
#.....######### ♣.P.P♣
#.....######### ♣.P.♣♣
#.............# ♣♣.♣♣
#........†....# ♣.♣♣
#..>..........# ♣♣.♣
#.............# ♣.♣♣
######.)......# ♣♣g♣
#........# #'#


You could see Crazy Yiuf.

Vanquished Creatures
  An adder (D:2)
  2 leopard geckos (D:1)
  5 bats
  2 giant cockroaches (D:1)
  6 hobgoblins
  A frilled lizard (D:1)
  2 goblins (D:1)
  6 rats
25 creatures vanquished.

Vanquished Creatures (collateral kills)
  2 adders
  A dart slug (D:1)
  5 bats
  2 giant cockroaches
  4 goblins (D:1)
  3 hobgoblins (D:1)
  A jackal (D:2)
  A frilled lizard (D:1)
  A kobold (D:1)
  4 rats
24 creatures vanquished.

Grand Total: 49 creatures vanquished

Notes
Turn   | Place    | Note
-------+----------+-------------------------------------------
     0 | D:1      | djnw the Mummy Summoner began the quest for the Orb.
     0 | D:1      | Reached XP level 1. HP: 13/13 MP: 3/3
   726 | D:1      | Reached XP level 2. HP: 13/19 MP: 0/5
   942 | D:1      | Learned a level 2 spell: Call Imp
  1519 | D:1      | Reached XP level 3. HP: 24/24 MP: 0/6
  1773 | D:1      | Reached skill level 4 in Summonings
  2046 | D:1      | Learned a level 3 spell: Call Canine Familiar
  2425 | D:2      | Found a runed door.
  2481 | D:2      | Noticed Crazy Yiuf
  2541 | D:2      | Slain by Crazy Yiuf

Skill      XL: |  1  2  3 |
---------------+----------+-----
Summonings     | 4 |  4.2
Dodging        | |  1.5
Stealth        | |  1.5
Spellcasting   | |  2.7

Action                   || total
-------------------------++-------
Melee: Unarmed           ||    38
       Hand axe          ||    70
 Cast: Summon Small Mamm ||    17
       Call Imp          ||    21
       Call Canine Famil ||     4
  Use: Scroll            ||     5
 Stab: Sleeping          ||     1
Armor: Robe              ||    30
Dodge: Dodged            ||    99
